 Dungeon Crawl Stone Soup version 0.27.1-34-g3ba077fa99 (webtiles) character file.

Game seed: 1822904650739657125

514 cbfl8 the Sneak (level 7, -9/60 HPs)
             Began as a Minotaur Delver on Jan 20, 2022.
             Splashed by a jelly's acid (11 damage)
             ... on level 5 of the Dungeon.
             The game lasted 00:01:36 (909 turns).

cbfl8 the Sneak (Minotaur Delver)                    Turns: 909, Time: 00:01:36

Health: -9/60      AC:  6    Str: 18    XL:     7   Next: 0%
Magic:  6/6        EV: 12    Int:  7    God:
Gold:   23         SH:  0    Dex: 12    Spells: 6/6 levels left

rFire    . . .     SeeInvis .   i - +0 flail (protect)
rCold    . . .     Faith    .   (no shield)
rNeg     . . .     Spirit   .   b - +0 leather armour
rPois    .         Reflect  .   (helmet restricted)
rElec    .         Harm     .   (no cloak)
rCorr    .         Rampage  .   (no gloves)
Will     .....                  (no boots)
Stlth    +++.......             (no amulet)
HPRegen  0.20/turn              (no ring)
MPRegen  0.10/turn              (no ring)

@: corroded, under a protective aura, studying Short Blades
A: horns 2, retaliatory headbutt
a: no special abilities


You were on level 5 of the Dungeon.
You visited 1 branch of the dungeon, and saw 1 of its levels.

You collected 23 gold pieces.

Inventory:

Hand Weapons
 a - a +0 hand axe
 i - a +0 flail of protection (weapon)
Armour
 b - a +0 leather armour (worn)
Wands
 g - a wand of digging (3)
Scrolls
 c - a scroll of fog
 d - 2 scrolls of magic mapping
 e - a scroll of fear
Potions
 f - a potion of haste


   Skills:
 + Level 4.8 Fighting
 + Level 4.1(4.4) Axes
 + Level 1.9(3.3) Maces & Flails
 + Level 3.0 Armour
 + Level 3.3 Dodging
 + Level 5.9 Stealth


You had 6 spell levels left.
You didn't know any spells.
Your spell library was empty.

Dungeon Overview and Level Annotations

Branches:
Dungeon (5/15)
 Temple: D:4-7

Altars:


Innate Abilities, Weirdness & Mutations

You have a pair of horns on your head.
You reflexively headbutt those who attack you in melee.


Message History

The jelly closely misses you. The gnoll misses you.
A gnoll comes into view. It is wielding a +0 flail.
The gnoll shouts!
You sock the gnoll! You headbutt the gnoll.
You kill the gnoll!
The jelly closely misses you.
Your Armour skill increases to level 3!
You have reached level 7!
You completely miss the gnoll. You headbutt the gnoll.
The gnoll is heavily wounded.
The jelly barely misses you. The gnoll hits you with a +0 flail!
The jelly hits you but does no damage.
Unknown command.
You hit the gnoll.
The gnoll is heavily wounded.
The gnoll barely misses you. You furiously retaliate!
You headbutt the gnoll, but do no damage.
The jelly misses you. You furiously retaliate!
You headbutt the jelly! The gnoll hits you with a +0 flail.
* * * LOW HITPOINT WARNING * * *
You barely miss the gnoll.
The gnoll is heavily wounded.
The jelly hits you.
* * * LOW HITPOINT WARNING * * *
The acid corrodes you!
You are splashed with acid.
* * * LOW HITPOINT WARNING * * *
The gnoll hits you with a +0 flail!
* * * LOW HITPOINT WARNING * * *
Unknown command.
Unknown command.
You completely miss the gnoll. Your headbutt misses the gnoll.
The gnoll is heavily wounded.
The jelly hits you but does no damage. The gnoll completely misses you.
The jelly misses you.
You sock the gnoll!
You kill the gnoll!
The jelly hits you.
* * * LOW HITPOINT WARNING * * *
The acid corrodes you!
You are splashed with acid!
You die...

...............#
#.........#...
##...........#.
##.#.###......
#.#..#..=..##
#.##.#.......
#..†.#.....#
###J.#...(#
##@)#.# #..##†##
#.##.#.#
##.##..##
.#####...##))#
........##.#.#
#..###..##..##
## ##..##..# ..+
#.##.#.#


You could see a jelly.

Vanquished Creatures
  An ice beast (D:5)
  2 ogres (D:5)
  A necrophage (D:5)
  A scorpion (D:5)
  A howler monkey (D:5)
  A centaur skeleton (D:5)
  2 adders (D:5)
  3 gnolls (D:5)
  An ufetubus (D:5)
  A worm (D:5)
  2 orcs (D:5)
  A jackal (D:5)
17 creatures vanquished.

Notes
Turn   | Place    | Note
-------+----------+-------------------------------------------
     0 | D:5      | cbfl8 the Minotaur Delver began the quest for the Orb.
     0 | D:5      | Reached XP level 1. HP: 19/19 MP: 0/0
   224 | D:5      | Reached XP level 2. HP: 22/27 MP: 1/1
   356 | D:5      | Noticed a scorpion
   356 | D:5      | Noticed a necrophage
   362 | D:5      | Killed a scorpion
   363 | D:5      | Reached skill level 1 in Armour
   363 | D:5      | Reached XP level 3. HP: 15/33 MP: 2/2
   363 | D:5      | Reached XP level 4. HP: 18/40 MP: 3/3
   367 | D:5      | Killed a necrophage
   368 | D:5      | Reached skill level 5 in Stealth
   368 | D:5      | Reached XP level 5. HP: 20/46 MP: 4/4
   555 | D:5      | Noticed an ice beast
   565 | D:5      | Killed an ice beast
   726 | D:5      | Reached XP level 6. HP: 47/53 MP: 5/5
   733 | D:5      | Reached skill level 1 in Maces & Flails
   905 | D:5      | Reached XP level 7. HP: 29/60 MP: 6/6
   907 | D:5      | HP: 2/60 [gnoll (8)]
   909 | D:5      | Splashed by a jelly's acid

Illustrated notes

Levels and vault maps discovered:
D:5:      layout_loops_ring, minmay_temple_entry_fiery, kennysheep_nondescript,
          minmay_manual_macuahuitl

Skill      XL: |  1  2  3  4  5  6 |
---------------+-------------------+-----
Fighting       | 4 |  4.8
Armour         | 1 2 3 |  3.0
Axes           | 3 4 |  4.1
Stealth        | 5 |  5.9
Dodging        | 3 |  3.3
Maces & Flails | 1 |  1.9

Action                   |  1- 3 |  4- 6 |  7- 9 || total
-------------------------+-------+-------+-------++-------
Melee: Hand axe          |    17 |     4 |       ||    21
       Headbutt          |     2 |    14 |     1 ||    17
       Flail             |       |    35 |     5 ||    40
  Use: Potion            |       |     1 |       ||     1
 Stab: Sleeping          |     2 |       |       ||     2
       Distracted        |       |     2 |       ||     2
Armor: Leather armour    |     6 |    12 |     2 ||    20
Dodge: Dodged            |     7 |    33 |     5 ||    45
